Map: Ulrena

Players

LiquidTLO (TLO)

  • Race: Zerg Zerg
  • League: Grandmaster

LiquidSnute (Snute) - Winner!

  • Race: Zerg Zerg
  • League: Grandmaster

Event: DreamHack ZOWIE Open Leipzig

VOD

Have the link to the VOD?

Description

Time

  • Played on: Jan. 22, 2016, 12:38 p.m.
  • Length: 10:27

All games in this series

Show
View Real Time Build Order
Export as new Build Order

LiquidTLO Zerg 

Build Orders: Pool First, Zergling Baneling 

Get SALT Encoding   

  12  0:00  Drone  
  13  0:22  Spawning Pool  
  13  0:25  Drone  
  13  0:29  Drone  
  13  0:32  Extractor  
  13  0:39  Drone  
  14  0:45  Overlord  
  14  1:08  Zergling x2  
  14  1:09  Zergling x4  
  17  1:15  Baneling Nest  
  16  1:19  Zergling x2  
  17  1:30  Zergling x2  
  18  1:44  Spine Crawler, Zergling x2  
  18  1:53  Zergling x2  
  19  2:04  Baneling  
  19  2:05  Zergling x2  
  20  2:09  Baneling x2  
  20  2:13  Zergling x2  
  20  2:15  Baneling  
  21  2:16  Baneling x2  
  21  2:26  Zergling x2  
  20  2:35  Drone  
  19  2:42  Queen  
  19  2:47  Drone  
  20  2:58  Drone, Roach Warren  
  18  3:07  Drone  
  19  3:13  Baneling  
  19  3:18  Overlord  
  19  3:39  Roach  
  19  3:40  Roach  
  23  3:51  Roach  
  23  3:53  Roach x2  
  29  3:56  Roach, Extractor  
  29  4:02  Overlord  
  31  4:18  Baneling  
  31  4:20  Drone  
  31  4:23  Drone x3  
  35  4:27  Baneling  
  35  4:28  Drone  
  36  4:36  Baneling  
  36  4:37  Drone  
  37  4:56  Hatchery  
  37  4:59  Drone x2  
  36  5:03  Drone  
  36  5:06  Drone  
  38  5:16  Overlord  
  37  5:23  Overlord  
  37  5:29  Overlord  
  37  5:31  Overlord  
  37  5:35  Overlord  
  37  5:41  Overlord  
  37  5:49  Ravager  
  39  5:50  Ravager  
  39  5:54  Drone x2  
  41  6:00  Drone x2  
  41  6:01  Drone  
  44  6:04  Drone  
  44  6:08  Drone  
  46  6:18  Roach  
  48  6:19  Queen  
  48  6:23  Roach  
  52  6:26  Roach  
  52  6:30  Roach  
  56  6:33  Roach  
  58  6:40  Roach  
  58  6:44  Overlord  
  58  6:45  Zergling x4  
  62  6:55  Zergling x4  
  55  7:03  Roach  
  55  7:04  Roach  
  55  7:12  Roach  
  55  7:14  Drone  
  47  7:17  Drone  
  47  7:18  Drone x2  
  46  7:23  Drone  
  46  7:26  Drone  
  47  7:35  Drone  
  48  7:38  Hatchery, Drone  
  48  7:40  Ravager  
  48  7:41  Extractor  
  48  7:46  Drone  
  48  7:47  Roach  
  48  7:51  Drone x3  
  53  7:58  Drone x3, Extractor  
  56  8:01  Roach  
  58  8:06  Spine Crawler, Roach  
  58  8:10  Zergling x2, Extractor  
  59  8:14  Zergling x2  
  60  8:21  Ravager  
  60  8:22  Drone x2  
  60  8:25  Drone  
  60  8:26  Drone  
  65  8:28  Drone x2  
  65  8:29  Drone  
  69  8:34  Drone x2  
  69  8:39  Evolution Chamber  
  70  8:42  Ravager  
  70  8:46  Roach x2  
  75  8:51  Queen  
  75  8:52  Overlord  
  75  8:55  Overlord  
  77  8:58  Ravager x3  
  80  9:05  Roach x2  
  80  9:06  Roach  
  86  9:15  Roach x2  
  86  9:16  Drone x2  
  92  9:17  Drone  
  92  9:20  Drone x2  
  95  9:26  Overlord  
  95  9:28  Overlord  
  95  9:30  Roach  
  96  9:34  Overlord  
  96  9:37  Overlord  
  95  9:40  Overlord  
  95  9:55  Roach  
  99  10:00  Roach x4  
  99  10:01  Ravager x2  
  99  10:02  Ravager  
  99  10:03  Ravager  
Show
View Real Time Build Order
Export as new Build Order

LiquidSnute Zerg - Winner!

Build Orders: Pool First 

Get SALT Encoding   

  12  0:00  Drone  
  13  0:12  Overlord  
  13  0:17  Drone  
  14  0:30  Drone x2  
  14  0:34  Drone  
  17  0:37  Extractor  
  16  0:45  Drone  
  17  0:50  Spawning Pool  
  17  0:56  Drone  
  17  1:06  Drone  
  18  1:22  Hatchery  
  17  1:37  Queen  
  19  1:43  Zergling x2  
  20  1:48  Zergling x2  
  20  1:53  Spine Crawler  
  20  1:56  Baneling Nest  
  20  1:59  Zergling x2  
  20  2:03  Zergling x2  
  21  2:11  Spine Crawler  
  21  2:18  Queen  
  21  2:19  Extractor  
  20  2:37  Drone  
  20  2:38  Drone x2  
  18  2:49  Drone  
  19  3:05  Baneling  
  18  3:07  Drone  
  18  3:10  Overlord  
  19  3:20  Drone  
  20  3:27  Drone  
  20  3:33  Hatchery, Drone x2  
  22  3:37  Drone  
  23  3:55  Roach Warren, Drone x3  
  25  4:04  Overlord  
  25  4:20  Zergling x2  
  26  4:34  Roach  
  26  4:35  Roach x4  
  36  4:40  Extractor  
  37  4:47  Roach  
  39  4:53  Roach x2  
  41  5:03  Roach  
  41  5:05  Overlord  
  43  5:13  Ravager  
  44  5:16  Overlord  
  43  5:27  Roach x3  
  49  5:31  Drone x2  
  51  5:40  Roach  
  53  5:46  Roach  
  55  5:50  Roach  
  55  5:54  Roach  
  59  6:02  Overlord  
  59  6:18  Overlord  
  59  6:22  Ravager x2  
  59  6:23  Drone x2  
  59  6:24  Drone x2  
  65  6:34  Ravager  
  65  6:35  Overlord  
  65  6:38  Drone x3  
  66  6:40  Ravager  
  66  6:44  Drone  
  68  6:59  Roach  
  68  7:00  Roach x2  
  60  7:14  Roach x2  
  55  7:22  Drone x4  
  53  7:23  Drone x3  
  53  7:26  Drone x4  
  58  7:33  Roach  
  60  7:38  Roach  
  60  7:41  Extractor  
  61  7:46  Hatchery  
  61  7:49  Roach  
  62  7:55  Roach x3  
  68  8:02  Roach x2  
  72  8:06  Overlord x2  
  72  8:10  Roach  
  72  8:12  Roach  
  76  8:16  Roach  
  76  8:19  Roach  
  80  8:22  Overlord  
  80  8:27  Metabolic Boost  
  80  8:31  Roach  
  82  8:35  Queen  
  82  8:38  Roach x2  
  88  8:45  Roach x2  
  92  8:49  Zergling x6  
  92  8:55  Zergling x6  
  98  8:57  Overlord  
  98  9:00  Ravager x2  
  100  9:08  Zergling x6  
  100  9:09  Zergling x4  
  105  9:11  Ravager  
  106  9:17  Zergling x8  
  106  9:20  Ravager  
  112  9:31  Zergling x14  
  118  9:39  Ravager x2  
  118  9:40  Overlord  
  120  9:49  Overlord  
  120  10:02  Roach x5  
  120  10:03  Zergling x2  

Tags
 
Add a new tag
Caveats
  • Supply blocks, unpowered buildings, or Contaminate may cause inaccurate times.
  • Supply counts are checked every 10 seconds.